 Dungeon Crawl Stone Soup version 0.22-a0-228-g3692b995fa (webtiles) character file.

1600 Horrz the Cleaver (level 8, -6/79 HPs)
             Began as a Hill Orc Fighter on Feb 7, 2018.
             Was a Believer of Okawaru.
             Mangled by an orc warrior
             ... wielding a +0 mace
              (9 damage)
             ... on level 6 of the Dungeon on Feb 20, 2018.
             The game lasted 00:17:14 (5907 turns).

Horrz the Cleaver (Hill Orc Fighter)                Turns: 5907, Time: 00:17:17

Health: -6/79      AC:  5    Str: 19    XL:     8   Next: 94%
Magic:  8/8        EV:  8    Int:  8    God:    Okawaru [**....]
Gold:   266        SH:  9    Dex: 12    Spells: 7/7 levels left

rFire    . . .     SeeInvis .   a - +0 war axe
rCold    . . .     Gourm    .   c - +0 shield
rNeg     . . .     Faith    .   q - +0 ring mail {MR+}
rPois    .         Spirit   .   (no helmet)
rElec    .         Reflect  .   (no cloak)
rCorr    .         Harm     .   (no gloves)
MR       +....                  (no boots)
Stlth    +.........             (no amulet)
HPRegen  0.23/turn              (no ring)
MPRegen  0.11/turn              (no ring)

@: no status effects
A: no striking features
a: Heroism, Renounce Religion, Convert to Beogh


You were on level 6 of the Dungeon.
You worshipped Okawaru.
Okawaru was pleased with you.
You were not hungry.

You visited 2 branches of the dungeon, and saw 7 of its levels.

You collected 266 gold pieces.

Inventory:

Hand Weapons
 a - a +0 war axe (weapon)
Armour
 b - a +0 scale mail
 c - a +0 shield (worn)
 q - a +0 ring mail of magic resistance (worn)
Scrolls
 e - a scroll of amnesia {unknown}
 h - 7 scrolls of identify {unknown}
 i - a scroll of magic mapping {unknown}
 j - 2 scrolls of fear {unknown}
 k - 4 scrolls of enchant weapon {unknown}
 m - 3 scrolls of remove curse {unknown}
 n - 4 scrolls of teleportation {unknown}
 o - a scroll of immolation {unknown}
 p - 2 scrolls of fog {unknown}
 r - a scroll of blinking {unknown}
Potions
 d - a potion of might
 g - 4 potions of curing {unknown}
 l - 3 potions of magic {unknown}
Comestibles
 f - 12 rations


   Skills:
 + Level 9.8 Fighting
 + Level 10.2 Axes
 + Level 3.5 Armour
 + Level 0.5 Dodging
 - Level 3.2 Shields


You had 7 spell levels left.
You didn't know any spells.

Dungeon Overview and Level Annotations

Branches:
Dungeon (6/15)             Temple (1/1) D:5

Altars:
Ashenzari
Cheibriados
Dithmenos
Elyvilon
Fedhas
Gozag
Kikubaaqudgha
Makhleb
Okawaru
Qazlal
Ru
Sif Muna
Trog
Uskayaw
Vehumet
Xom
Yredelemnul
Zin


Message History

You hit the orc priest but do no damage.
You hit the orc.
The orc warrior hits you but does no damage.
The orc barely misses you. You block the orc priest's attack.
You slash the orc warrior!
The orc warrior is moderately wounded.
You slash the orc priest! You hit the orc.
The orc priest shouts, "Beogh is our master!
Accept the truth or die!"
The orc closely misses you. You block the orc warrior's attack.
The centaur shoots an arrow.
You block the arrow.
The orc priest calls down the wrath of Beogh upon you.
Beogh smites you!
* * * LOW HITPOINT WARNING * * *
You closely miss the orc priest.
The orc priest is severely wounded.
You hit the orc warrior. You closely miss the orc.
The centaur shoots an arrow.
The arrow hits you!
* * * LOW HITPOINT WARNING * * *
The orc hits you but does no damage. The orc warrior hits you with a mace!
You die...

##.....
#.PPP.....# #.....
#.PP_PP.#.# ##....
#..P....... #....
#...P...... ##...
#...#...... ##..
##...c...... ##.
#..o)o...... ##.
##.(@o...... #..
#..#........ ##..
#((###...... ##...
##.## ###### #..##
###..## ##.##
#.)...### ##..#
....####...##
######..## ###
##...####........#
###.......####..##


You could see an orc warrior, a centaur, an orc priest and an orc.

Vanquished Creatures
  A two-headed ogre (D:6)
  The ghost of RedPan the Charmwright, an amateur GnSk (D:3)
  2 ogres
  A centaur (D:6)
  3 wights (D:6)
  A howler monkey (D:5)
  2 hounds
  2 orc priests
  Crazy Yiuf (D:4)
  A centaur skeleton (D:4)
  3 iguanas
  A worker ant (D:6)
  3 gnolls (D:3)
  A howler monkey skeleton (D:5)
  3 adders
  An ooze (D:3)
  An adder skeleton (D:4)
  4 worms
  3 dart slugs
  7 leopard geckos
  15 orcs
  16 bats
  4 giant cockroaches
  10 goblins
  11 hobgoblins
  7 jackals
  10 kobolds
  3 quokkas
  2 ball pythons
  A frilled lizard (D:1)
  A jackal skeleton (D:4)
  9 rats
131 creatures vanquished.

Vanquished Creatures (others)
  4 bushes (D:6)
4 creatures vanquished.

Grand Total: 135 creatures vanquished

Notes
Turn   | Place    | Note
-------+----------+-------------------------------------------
     0 | D:1      | Horrz the Hill Orc Fighter began the quest for the Orb.
     0 | D:1      | Reached XP level 1. HP: 19/19 MP: 1/1
    98 | D:1      | Reached skill level 3 in Axes
   120 | D:1      | Reached XP level 2. HP: 23/27 MP: 2/2
   247 | D:1      | Reached XP level 3. HP: 34/34 MP: 3/3
   443 | D:1      | Reached skill level 4 in Axes
  1130 | D:2      | Reached XP level 4. HP: 40/41 MP: 4/4
  1456 | D:2      | Upgraded the game from 0.22-a0-148-gf2798f9f4d to 0.22-a0-154-gda3306adca
  1555 | D:2      | Reached skill level 5 in Fighting
  1769 | D:3      | Reached skill level 5 in Axes
  1777 | D:3      | Reached XP level 5. HP: 32/48 MP: 5/5
  1924 | D:3      | Found a deep blue altar of Sif Muna.
  2000 | D:3      | Noticed RedPan's ghost (amateur GnSk)
  2355 | D:3      | Noticed an ogre
  2361 | D:3      | Killed an ogre
  2361 | D:3      | Reached skill level 6 in Axes
  2361 | D:3      | Reached XP level 6. HP: 3/57 MP: 6/6
  2823 | D:3      | Killed RedPan's ghost
  3099 | D:3      | Found a sacrificial altar of Ru.
  3299 | D:3      | Upgraded the game from 0.22-a0-154-gda3306adca to 0.22-a0-228-g3692b995fa
  3382 | D:4      | Found a shimmering altar of Xom.
  3446 | D:4      | Found a radiant altar of Vehumet.
  3449 | D:4      | Found a hide-covered altar of Uskayaw.
  3646 | D:4      | Found a runed door.
  3650 | D:4      | Noticed Crazy Yiuf
  3658 | D:4      | Killed Crazy Yiuf
  3658 | D:4      | Reached skill level 7 in Axes
  3658 | D:4      | Reached XP level 7. HP: 35/66 MP: 7/7
  4254 | D:5      | Entered Level 5 of the Dungeon
  4255 | D:5      | Found a hide-covered altar of Uskayaw.
  4261 | D:5      | Found a bloodstained altar of Trog.
  4439 | D:5      | Found an opulent altar of Gozag.
  4522 | D:5      | Found a staircase to the Ecumenical Temple.
  4531 | Temple   | Entered the Ecumenical Temple
  4554 | Temple   | Became a worshipper of Warmaster Okawaru
  4943 | D:5      | Reached skill level 8 in Axes
  5244 | D:6      | Reached * piety under Okawaru
  5309 | D:6      | Reached XP level 8. HP: 38/74 MP: 8/8
  5624 | D:6      | Noticed a two-headed ogre
  5635 | D:6      | Killed a two-headed ogre
  5635 | D:6      | Reached skill level 10 in Axes
  5641 | D:6      | Reached ** piety under Okawaru
  5899 | D:6      | Found a blossoming altar of Fedhas.
  5907 | D:6      | HP: 3/79 [centaur/arrow (13)]
  5907 | D:6      | Mangled by an orc warrior

Vault maps used:
D:1:      evilmike_arrival_run_for_it, hangedman_feature_mirror
D:3:      led_sif_book, nicolae_overflow_crystal_walls
D:4:      minmay_wonky_spiral, kennysheep_mini_moat,
          chequers_temple_overflow_statue_of_worship, first_ration,
          uniq_crazy_yiuf_cottage
D:5:      nicolae_gozag_seed_capital, minmay_temple_entry_poolview, basic_altar,
          trog_hazing_becter
D:6:      lemuel_doored_altar, fedhas_bush_and_centaur_altar
Temple:   compressed_dpeg_circular_temple

Skill      XL: |  1  2  3  4  5  6  7  8 |
---------------+-------------------------+-----
Axes           | 3 4 5 6 7 8 10 | 10.2
Fighting       | 4 5 6 7 8 9 |  9.8
Armour         | |  3.5
Dodging        | |  0.5
Shields        | |  3.2

Action                   |  1- 3 |  4- 6 |  7- 9 || total
-------------------------+-------+-------+-------++-------
Melee: War axe           |   107 |   186 |   119 ||   412
Invok: Heroism           |       |       |     1 ||     1
  Eat: Chunk             |     1 |     8 |     7 ||    16
Armor: Scale mail        |    59 |    71 |    20 ||   150
       Ring mail         |       |       |     9 ||     9
Dodge: Dodged            |    37 |    54 |    55 ||   146
Block: Shield            |    68 |   100 |    80 ||   248

Table legend:
 A = Spawn XP
 B = Non-spawn XP
 C = Spawn XP percentage of total XP
 D = Spawn monster count
 E = Non-spawn monster count
 F = Spawn count percentage of total count
 G = Total turns spent on level
                    A         B        C        D         E        F      G
               +---------+---------+-------+---------+---------+-------+---------
         Total |       0 |    2286 |   0.0 |       0 |     131 |   0.0 |  5907
               +---------+---------+-------+---------+---------+-------+---------
           D:1 |       0 |      63 |   0.0 |       0 |      33 |   0.0 |   863
           D:2 |       0 |      45 |   0.0 |       0 |      20 |   0.0 |   929
           D:3 |       0 |     387 |   0.0 |       0 |      32 |   0.0 |  1510
           D:4 |       0 |     217 |   0.0 |       0 |      20 |   0.0 |   952
           D:5 |       0 |     167 |   0.0 |       0 |      11 |   0.0 |   806
           D:6 |       0 |    1407 |   0.0 |       0 |      15 |   0.0 |   767
               +---------+---------+-------+---------+---------+-------+---------
